 Dungeon Crawl Stone Soup version 0.29-a0-993-g4a18f31a58 (webtiles) character file.

Game seed: 12674711499977361289

912 Newt the Stinger (level 7, -4/52 HPs)
             Began as a Yellow Draconian Venom Mage on Aug 2, 2022.
             Killed from afar by an orc wizard (14 damage)
             ... with a puff of flame
             ... on level 9 of the Dungeon.
             The game lasted 00:14:35 (5769 turns).

Newt the Stinger (Yellow Draconian Venom Mage)      Turns: 5769, Time: 00:14:37

Health: -4/52      AC:  6    Str: 23    XL:     7   Next: 82%
Magic:  13/13      EV: 12    Int: 17    God:
Gold:   201        SH:  0    Dex: 11    Spells: 7/14 levels left

rFire   . . .      SeeInvis .     - Unarmed
rCold   . . .      Faith    .   (no shield)
rNeg    . . .      Spirit   .   (body armour unavailable)
rPois   .          Reflect  .   (helmet restricted)
rElec   .          Harm     .   (no cloak)
rCorr   +          Rampage  .   (no gloves)
Will    .....                   (no boots)
Stlth   ++........              (no amulet)
HPRegen 0.17/turn               k - +6 ring of strength
MPRegen 0.13/turn               m - +6 ring of strength

@: short of breath
A: spit acid, AC +6, unfitting armour, cold-blooded, acid resistance
a: Breathe Acid


You were on level 9 of the Dungeon.
You visited 1 branch of the dungeon, and saw 8 of its levels.
You also visited: Sewer.

You collected 201 gold pieces.

Inventory:

Missiles
 o - a throwing net
Jewellery
 k - a +6 ring of strength (left hand)
 m - a +6 ring of strength (right hand)
Wands
 b - a wand of roots (3)
Scrolls
 d - a scroll of enchant armour
 f - a scroll of enchant weapon
 n - a scroll of magic mapping {unknown}
 p - a scroll of amnesia {unknown}
 q - a scroll of teleportation
Potions
 c - 2 potions of degeneration
 e - a potion of might
 g - a potion of berserk rage {unknown}
 h - 2 potions of flight {unknown}
 i - 2 potions of mutation {unknown}
 j - a potion of heal wounds {unknown}
 l - 4 potions of haste {unknown}
 r - a potion of attraction {unknown}


   Skills:
 + Level 1.2 Fighting
 + Level 2.4 Dodging
 + Level 2.2 Stealth
 + Level 1.4 Unarmed Combat
 + Level 4.1 Spellcasting
 * Level 2.8 Necromancy
 + Level 3.2 Transmutations
 + Level 0.4 Air Magic
 * Level 6.2 Poison Magic
 + Level 0.2 Evocations


You had 7 spell levels left.
You knew the following spells:

 Your Spells              Type           Power      Damage    Failure   Level
a - Sting                 Tmut/Pois      76%        1d6       2%          1
b - Poisonous Vapours     Pois/Air       28%        N/A       6%          2
c - Olgreb's Toxic Radia  Pois           24%        N/A       12%         4

Your spell library contained the following spells:

 Spells                   Type           Power      Damage    Failure   Level
 Freeze                   Ice            12%        1d4       16%         1
 Mephitic Cloud           Conj/Pois/Air  11%        N/A       19%         3
 Corpse Rot               Necr/Pois/Air  14%        N/A       38%         4
 Frozen Ramparts          Ice            6%         1d8       43%         3
 Ozocubu's Armour         Ice            3%         N/A       43%         3
 Dispel Undead            Necr           13%        3d9       43%         4
 Hailstorm                Conj/Ice       3%         3d3       83%         4
 Metabolic Englaciation   Hex/Ice        1%         N/A       99%         5
 Death Channel            Necr           6%         N/A       100%        6
 Simulacrum               Ice/Necr       4%         N/A       100%        6


Dungeon Overview and Level Annotations

Branches:
Dungeon (9/15)              Sewer (visited)
 Temple: D:4-7         Lair: D:8-11         Orc: D:9-12

Altars:
Makhleb

Shops:
D:4 *

Annotations:
D:4 Dowan, Duvessa
D:5 2 transporters, Yogidamonk's ghost, novice MiHu


Innate Abilities, Weirdness & Mutations

You can spit globs of acid.
Your golden yellow scales are hard. (AC +6)
You cannot fit into any form of body armour.
You are cold-blooded and may be slowed by cold attacks.
You are resistant to acid. (rCorr)


Message History

You kill the steam dragon!
The steam dragon scales are intact enough to wear.
The orc wizard hits you but does no damage.
An orc comes into view. It is wielding a +0 club.
Casting: Sting (safe; 2% risk of failure)
Confirm with . or Enter, or press ? or * to list all spells.
Aiming: Sting (safe; 2% risk of failure)
Press: ? - help, Shift-Dir - straight line, f - orc wizard
Aim: an orc wizard, wielding a +0 dagger and wearing a +0 robe (severely wounded, poisoned, 67% to hit)
The sting misses the orc wizard.
The orc wizard closely misses you.
Casting: Sting (safe; 2% risk of failure)
Confirm with . or Enter, or press ? or * to list all spells.
Aiming: Sting (safe; 2% risk of failure)
Press: ? - help, Shift-Dir - straight line, f/p - orc wizard
Aim: an orc wizard, wielding a +0 dagger and wearing a +0 robe (severely wounded, poisoned, 67% to hit)
The sting hits the orc wizard.
The orc wizard looks even sicker.
The orc wizard is severely wounded.
You kill the orc!
The orc wizard barely misses you. Something hits you but does no damage.
The bullfrog hits you but does no damage.
The orc wizard hits you with a +0 dagger.
Something hits you but does no damage.
You climb downwards.
Reactivating autopickup.
There is a stone staircase leading up here.
Casting: Sting (safe; 2% risk of failure)
Confirm with . or Enter, or press ? or * to list all spells.
Aiming: Sting (safe; 2% risk of failure)
Press: ? - help, Shift-Dir - straight line The sting hits something.
You hear some strange, mumbled words.
A magic dart appears from out of thin air!
Deactivating autopickup; reactivate with Ctrl-A.
The magic dart hits you!
* * * LOW HITPOINT WARNING * * *
The orc wizard barely misses you. Magic courses through your body.
Something hits you but does no damage. The orc wizard casts a spell at you.
The puff of flame hits you!
You die...

### .# ..$ #. #.. .
#.# .# #.##.# #....
#.####.{# #.....@.#
#### ######.o###.#
#...#########...(..#
.#.........#.##.###
#..........##.#.#
...
#.##.#####.##.#.#
#.#
#!#####..#...####.#
................(..
≈≈≈≈≈≈≈≈≈≈≈≈≈≈≈≈≈≈≈≈


You could see an orc wizard (very poisoned).

Vanquished Creatures
  A steam dragon (D:8)
  2 sky beasts (D:6)
  2 ogres
  2 bullfrogs (D:5)
  A howler monkey (D:6)
  A crimson imp (D:5)
  An orc priest (D:4)
  An orc wizard (D:4)
  An iguana (D:5)
  7 adders
  A white imp (D:5)
  2 dart slugs
  8 orcs
  6 ball pythons
  4 bats
  12 endoplasms
  4 giant cockroaches
  8 goblins
  4 hobgoblins
  4 quokkas
  5 frilled lizards
  12 kobolds
  5 rats
94 creatures vanquished.

Vanquished Creatures (others)
  5 plants (D:2)
5 creatures vanquished.

Grand Total: 99 creatures vanquished

Notes
Turn   | Place    | Note
-------+----------+-------------------------------------------
     0 | D:1      | Newt the Draconian Venom Mage began the quest for the Orb.
     0 | D:1      | Reached XP level 1. HP: 14/14 MP: 3/3
   324 | D:1      | Reached XP level 2. HP: 15/20 MP: 5/5
  1151 | D:1      | Reached XP level 3. HP: 26/26 MP: 3/6
  1505 | D:2      | Found a faded altar of an unknown god.
  2382 | D:2      | Learned a level 2 spell: Poisonous Vapours
  2579 | D:3      | Reached skill level 1 in Unarmed Combat
  2615 | D:3      | Reached XP level 4. HP: 33/33 MP: 5/7
  2690 | D:3      | Found a burning altar of Makhleb.
  3128 | D:3      | Found a glowing drain.
  3146 | D:3      | Reached skill level 4 in Poison Magic
  3154 | Sewer    | Entered a sewer
  3697 | D:4      | Reached XP level 5. HP: 14/38 MP: 1/9
  3698 | D:4      | Noticed a black bear
  3708 | D:4      | Noticed Duvessa
  3716 | D:4      | Found Natwuczo's Lightly-Used Armoury.
  3809 | D:4      | Noticed Dowan
  3816 | D:4      | Noticed an ogre
  4197 | D:4      | Reached skill level 1 in Necromancy
  4203 | D:5      | Entered Level 5 of the Dungeon
  4249 | D:5      | Found a transporter.
  4250 | D:5      | Noticed Yogidamonk's ghost (novice MiHu)
  4262 | D:5      | Found a transporter.
  4577 | D:5      | Noticed an ogre
  4592 | D:5      | Killed an ogre
  4593 | D:5      | Reached XP level 6. HP: 37/46 MP: 2/11
  4912 | D:5      | Reached skill level 5 in Poison Magic
  5288 | D:6      | Noticed a sky beast
  5303 | D:5      | Reached skill level 1 in Fighting
  5493 | D:6      | Killed a sky beast
  5494 | D:6      | Your scales start taking on a golden yellow colour.
  5494 | D:6      | Reached XP level 7. HP: 36/52 MP: 4/12
  5494 | D:6      | Gained mutation: You are resistant to acid. (rCorr) [Yellow
                  | Draconian growth]
  5630 | D:6      | Learned a level 4 spell: Olgreb's Toxic Radiance
  5694 | D:6      | Reached skill level 6 in Poison Magic
  5725 | D:6      | You fall into a shaft and drop 3 floors!
  5758 | D:8      | Noticed a steam dragon
  5763 | D:8      | Killed a steam dragon
  5769 | D:9      | Killed from afar by an orc wizard

Illustrated notes

Levels and vault maps discovered:
D:1:      amcnicky_arrival_feature_with_door, layout_basic,
          minmay_close_crescents
D:2:      layout_loops_ring, hellmonk_ecumenical_altar_arch_garden,
          serial_bayou_crossing
D:3:      minmay_inner_zag, layout_basic, mainiacjoe_overflow_alcove_1,
          gup_sewer_entry_glass, serial_bayou_pond_d, st_stairs_6
D:4:      layout_gridville, kennysheep_mini_moat, minmay_shop_damaged,
          st_stairs_3, minmay_misc_feat_chi, uniq_duvessa
D:5:      layout_rooms, serial_corexii_hall, corexii_hall_statues_x,
          corexii_hall_statues_i, corexii_hall_statues_l,
          chequers_hall_statues_wall_a, corexii_hall_statues_x,
          corexii_hall_statues_l, gammafunk_ghost_arena, minmay_fire_ice_demons
D:6:      layout_rooms, nzn_wu_jian_council_hall, serial_rivers,
          chequers_serial_rivers_small_b, chequers_serial_rivers_room_a,
          chequers_serial_rivers_micro_d, chequers_serial_rivers_micro_c,
          chequers_serial_rivers_micro_c
D:8:      layout_basic, overflow_temple_1_default, serial_shops, shop,
          uniq_maggie
D:9:      layout_loops_ring, marbit_many_paths, erik_orc_2, uniq_joseph,
          uniq_erolcha, uniq_grum

Skill      XL: |  1  2  3  4  5  6  7 |
---------------+----------------------+-----
Stealth        | 2 |  2.2
Dodging        | 2 |  2.4
Unarmed Combat | 1 |  1.4
Poison Magic   | 4 5 6 |  6.2
Spellcasting   | 3 4 |  4.1
Transmutations | 2 3 |  3.2
Necromancy     | 1 2 |  2.8
Fighting       | 1 |  1.2
Air Magic      | |  0.4
Evocations     | |  0.2

Action                   |  1- 3 |  4- 6 |  7- 9 || total
-------------------------+-------+-------+-------++-------
Melee: Unarmed           |    94 |    90 |     4 ||   188
       Tailslap          |    12 |     8 |       ||    20
       Punch             |     1 |       |       ||     1
 Cast: Sting             |    44 |    92 |    15 ||   151
       Poisonous Vapours |       |     6 |       ||     6
       Olgreb's Toxic Ra |       |       |     1 ||     1
 Abil: Breathe Acid      |       |       |     1 ||     1
Evoke: Wand              |       |     2 |       ||     2
  Use: Scroll            |     7 |     5 |     1 ||    13
       Potion            |       |     3 |     1 ||     4
 Stab: Sleeping          |     1 |       |       ||     1
Armor: Skin              |    29 |    42 |    10 ||    81
Dodge: Dodged            |    72 |    91 |     7 ||   170

Table legend: (Time is in decaauts)
 A = Elapsed time spent in this place.
 B = Non-inter-level travel time spent in this place.
 C = Inter-level travel time spent in this place.
 D = Time resting spent in this place.
 E = Time spent auto-exploring this place.
 F = Levels seen in this place.
 G = Mean time per level.
                   A        B        C        D        E       F      G
               +--------+--------+--------+--------+--------+-----+--------+
         Total |   5801 |   5486 |    315 |   1313 |   3295 |   9 |  644.6 |
       Dungeon |   5597 |   5282 |    315 |   1313 |   3160 |   8 |  699.6 |
         Sewer |    204 |    204 |      0 |      0 |    135 |   1 |  204.0 |
               +--------+--------+--------+--------+--------+-----+--------+

Top non-repeatable levels by time:
     D:1: 1509 daAuts
     D:5: 1353 daAuts
     D:3: 1232 daAuts
     D:2: 1060 daAuts
     D:4: 230 daAuts
   Sewer: 204 daAuts
     D:6: 167 daAuts
     D:9: 35 daAuts
     D:8: 8 daAuts
